 Dungeon Crawl Stone Soup version 0.30-a0-782-ge64f9170bb (webtiles) character file.

Game seed: 8163701022132927116

155 theswoord the Shooter (level 5, 0/38 HPs)
             Began as a Demonspawn Hunter on Feb 22, 2023.
             Succumbed to an adder's poison
             ... on level 3 of the Dungeon.
             The game lasted 00:02:46 (2031 turns).

theswoord the Shooter (Demonspawn Hunter)           Turns: 2031, Time: 00:02:47

Health: 0/38       AC: 16    Str: 11    XL:     5   Next: 14%
Magic:  5/5        EV:  5    Int: 13    God:
Gold:   103        SH:  0    Dex: 18    Spells: 4/4 levels left

rFire   . . .      SeeInvis .    a - +0 shortbow
rCold   . . .      Faith    .    (shield currently unavailable)
rNeg    . . .      Spirit   .    d - +0 chain mail
rPois   .          Reflect  .    (no helmet)
rElec   .          Harm     .    (no cloak)
rCorr   .          Rampage  .    (no gloves)
Will    .....                    (no boots) Stlth
                                 (no amulet)
HPRegen 0.26/turn                l - +4 ring of protection
MPRegen 0.09/turn                n - +4 ring of protection

@: lethally poisoned (0 -> -3)
A: claws 2, big brain 1
a: no special abilities


You were on level 3 of the Dungeon.
You visited 1 branch of the dungeon, and saw 3 of its levels.

You collected 103 gold pieces.

Inventory:

Hand Weapons
 a - a +0 shortbow (weapon)
Armour
 c - a +0 leather armour
 d - a +0 chain mail (worn)
Jewellery
 l - a +4 ring of protection (left claw)
 m - a ring of magical power
 n - a +4 ring of protection (right claw)
Scrolls
 e - a scroll of fear
 o - 4 scrolls of identify
Potions
 g - a potion of resistance
 j - a potion of might


   Skills:
 - Level 2.0 Fighting
 + Level 5.9 Ranged Weapons
 - Level 1.7 Dodging
 - Level 0.8 Stealth


You had 4 spell levels left.
You didn't know any spells.
Your spell library was empty.

Dungeon Overview and Level Annotations

Branches:
Dungeon (3/15)

Altars:


Innate Abilities, Weirdness & Mutations

You have very sharp fingernails.
You have an unusually large brain. (Int +2)


Message History

You feel very sick.
The adder bites you but does no damage. x2
You shoot an arrow. The arrow hits the adder.
You feel your willpower return.
You feel very sick. The adder bites you but does no damage.
The adder bites you.
* * * LOW HITPOINT WARNING * * *
You are more poisoned.
The adder poisons you! The adder bites you but does no damage.
You shoot an arrow. The arrow misses the adder.
You feel very sick.
The adder bites you but does no damage. x2
You shoot an arrow. The arrow misses the adder.
You feel sick.
The adder bites you but does no damage. x2; The adder bites you.
* * * LOW HITPOINT WARNING * * *
You are more poisoned.
The adder poisons you!
You shoot an arrow.
The arrow hits the adder but does no damage.
You feel very sick.
The adder bites you but does no damage. x2
Okay, then.
You shoot an arrow. The arrow misses the adder.
You feel sick.
The adder bites you but does no damage. x2
You shoot an arrow. The arrow barely misses the adder.
You feel sick.
The adder bites you but does no damage. x2; The adder barely misses you.
You shoot an arrow. The arrow hits the adder.
You feel sick.
The adder bites you but does no damage. x2
You shoot an arrow. The arrow misses the adder.
You feel sick.
You are no longer poisoned.
The adder bites you but does no damage. The adder bites you.
* * * LOW HITPOINT WARNING * * *
You are lethally poisoned!
The adder poisons you!
You shoot an arrow. The arrow barely misses the adder.
* * * LOW HITPOINT WARNING * * *
You feel very sick.
The adder bites you but does no damage. x2; The adder closely misses you.
You shoot an arrow. The arrow barely misses the adder.
You die...

.# ##.###.
.#..... ####
.....# #...
..... #..# ...
##..###.#
#.....@.#
#.....#S......
#....~#.#.....
#...~~#.# #..#
#.†.~8#.# .#
####...~~#.# #
#.......~#..
#........###
#####.......##


You could see an adder.

Vanquished Creatures
  Jessica (D:2)
  9 gnolls
  3 ball pythons
  6 bats
  3 endoplasms
  2 giant cockroaches (D:1)
  4 goblins
  7 hobgoblins
  4 quokkas
  A frilled lizard (D:1)
  A kobold (D:2)
  4 rats
45 creatures vanquished.

Vanquished Creatures (others)
  A demonic plant (D:2)
1 creature vanquished.

Grand Total: 46 creatures vanquished

Notes
Turn   | Place    | Note
-------+----------+-------------------------------------------
     0 | D:1      | theswoord the Demonspawn Hunter began the quest for the
                  | Orb.
     0 | D:1      | Reached XP level 1. HP: 16/16 MP: 1/1
   303 | D:1      | Reached skill level 4 in Ranged Weapons
   305 | D:1      | Gained mutation: You have an unusually large brain. (Int
                  | +2) [demonic ancestry]
   305 | D:1      | Reached XP level 2. HP: 22/22 MP: 2/2
   482 | D:1      | Gained mutation: You have sharp fingernails. [demonic
                  | ancestry]
   482 | D:1      | Reached XP level 3. HP: 26/27 MP: 3/3
  1259 | D:2      | Reached skill level 5 in Ranged Weapons
  1261 | D:2      | Gained mutation: You have very sharp fingernails. [demonic
                  | ancestry]
  1261 | D:2      | Reached XP level 4. HP: 8/33 MP: 4/4
  1261 | D:2      | HP: 1/33 [gnoll/+0 halberd (7)]
  1434 | D:2      | Identified the +1 leather armour of Hangman {rC+ rCorr
                  | SInv}
  1604 | D:2      | Found a faded altar of an unknown god.
  1604 | D:2      | Noticed a smoke demon
  1815 | D:2      | Noticed Jessica
  1822 | D:2      | Killed Jessica
  1823 | D:2      | Reached XP level 5. HP: 37/38 MP: 5/5
  2030 | D:3      | HP: 1/38 [poisoned by an adder]
  2031 | D:3      | Succumbed to an adder's poison

Skill      XL: |  1  2  3 |
---------------+----------+-----
Ranged Weapons | 4 5 |  5.9
Fighting       | |  2.0
Dodging        | |  1.7
Stealth        | |  0.8

Action                     |  1- 3 |  4- 6 || total
---------------------------+-------+-------++-------
   Fire: Shortbow          |    89 |    59 ||   148
    Use: Potion            |     1 |     2 ||     3
         Scroll            |       |     7 ||     7
 Armour: Chain mail        |    58 |    60 ||   118
  Dodge: Dodged            |    25 |    13 ||    38

Levels and vault maps discovered:
D:1:      evilmike_arrival_crescent, layout_basic
D:2:      cheibrodos_helix_gallery, layout_loops_corners,
          dreamdust_ecumenical_altar_sealed_demon, uniq_jessica
D:3:      minmay_chambers_of_threes, layout_loops_ring, moated_statue,
          nrook_uturn, uniq_robin, uniq_sigmund
